 Dungeon Crawl Stone Soup version 0.30-a0-304-gdc4b735fe1 (webtiles) character file.

Game seed: 15991798325552536875

66 ragingrage the Cudgeller (level 3, 0/31 HPs)
             Began as an Armataur Warper on Oct 20, 2022.
             Slain by an orc
             ... wielding a +1 flail of protection
              (6 damage)
             ... on level 3 of the Dungeon.
             The game lasted 00:01:39 (1257 turns).

ragingrage the Cudgeller (Armataur Warper)          Turns: 1257, Time: 00:01:39

Health: 0/31       AC:  4    Str: 18    XL:     3   Next: 96%
Magic:  5/5        EV:  9    Int: 13    God:
Gold:   146        SH:  0    Dex:  9    Spells: 5/5 levels left

rFire   . . .      SeeInvis .    a - +0 mace
rCold   . . .      Faith    .    (no shield)
rNeg    . . .      Spirit   .    b - +0 leather armour
rPois   .          Reflect  .    (no helmet)
rElec   .          Harm     .    (no cloak)
rCorr   .          Roll     +    (no gloves)
Will    .....                    (no barding)
Stlth   +.........               (no amulet)
HPRegen 0.25/turn                (no ring)
MPRegen 0.09/turn                (no ring)

@: no status effects
A: large, rugged brown scales 3, deformed body, armoured tail, roll, long
tongue, awkward tongue
a: no special abilities


You were on level 3 of the Dungeon.
You visited 1 branch of the dungeon, and saw 3 of its levels.

You collected 146 gold pieces.

Inventory:

Hand Weapons
 a - a +0 mace (weapon)
Missiles
 d - 4 boomerangs of dispersal (quivered)
Armour
 b - a +0 leather armour (worn)
 n - a +0 scale mail
Scrolls
 c - a scroll of blinking
 h - 3 scrolls of identify {unknown}
 i - a scroll of enchant armour {unknown}
 j - a scroll of enchant weapon {unknown}
 m - a scroll of butterflies {unknown}
Potions
 e - a potion of heal wounds {unknown}
 f - a potion of brilliance {unknown}
 g - a potion of haste {unknown}
 k - a potion of curing {unknown}
 l - a potion of ambrosia {unknown}


   Skills:
 - Level 1.7 Fighting
 + Level 3.9 Maces & Flails
 - Level 0.8 Throwing
 - Level 1.2 Armour
 - Level 1.3 Dodging
 - Level 1.7 Spellcasting
 - Level 3.0 Translocations


You had 5 spell levels left.
You didn't know any spells.
Your spell library contained the following spells:

 Spells                   Type           Power      Damage    Failure   Level
 Blink                    Tloc           16%        N/A       14%         2
 Lesser Beckoning         Tloc           16%        N/A       26%         3
 Teleport Other           Tloc           8%         N/A       26%         3
 Vhi's Electric Charge    Tloc/Air       10%        N/A       45%         3
 Manifold Assault         Tloc           8%         N/A       65%         4


Dungeon Overview and Level Annotations

Branches:
Dungeon (3/15)

Altars:

Annotations:
D:2 Sigmund


Innate Abilities, Weirdness & Mutations

You are completely covered in rugged brown scales. (AC +3, +7% HP)
Armour fits poorly on your strangely shaped body.
You have a long armoured tail.
You roll when moving toward enemies. (Rampage)
Your long tongue fully drains potion bottles. (2x potion effects)
Your tongue gives you trouble enunciating. (1.5x scroll delay)


Message History

You barely miss the orc.
The orc hits you with a +1 flail of protection.
You closely miss the orc. You hit the orc. You tail-slap the orc.
You kill the orc!
You hit the orc.
The orc is moderately wounded.
The orc hits you with a +1 flail of protection. x2
* * * LOW HITPOINT WARNING * * *
You hit the orc.
The orc is heavily wounded.
The orc hits you with a +1 flail of protection.
* * * LOW HITPOINT WARNING * * *
Throw: 7 boomerangs (disperse)
Press: ? - help, Q - select action Shift-Dir - straight line, f/p - orc
Aim: an orc, wielding a +1 flail of protection (heavily wounded, 52% to hit)
You throw a boomerang of dispersal.
The boomerang of dispersal hits the orc.
The orc blinks!
The orc is severely wounded.
An orc priest comes into view. It is wielding a +0 flail.
The orc priest shouts!
Throw: 6 boomerangs (disperse)
Press: ? - help, Q - select action Shift-Dir - straight line, f/p - orc
Aim: an orc, wielding a +1 flail of protection (heavily wounded, 52% to hit)
Okay, then.
Throw: 6 boomerangs (disperse)
Press: ? - help, Q - select action Shift-Dir - straight line, f - orc priest, p - orc
Aim: an orc priest, wielding a +0 flail (52% to hit)
You throw a boomerang of dispersal.
The boomerang of dispersal completely misses the orc priest.
The orc priest begins to cast a cantrip, but forgets the words!
Throw: 5 boomerangs (disperse)
Press: ? - help, Q - select action Shift-Dir - straight line, f/p - orc priest
Aim: an orc priest, wielding a +0 flail (52% to hit)
You throw a boomerang of dispersal.
The boomerang of dispersal hits the orc priest.
The orc priest blinks!
The orc hits you with a +1 flail of protection.
You die...

...........# ......
#.# ......####)###
........<....#
.............#
.............#
###..........#
#..#.)..>..#
#..#..@..†.######
... #.§o.........#
#### #.#.###.####.#
#.#.#)###.####.# ##
.#.#.o........# ..
..#..........#
##.#?#..........#
#.#....#..........#
#..............)..#


You could see an orc priest and an orc.

Vanquished Creatures
  3 adders (D:2)
  3 dart slugs
  3 orcs (D:3)
  5 bats (D:1)
  4 endoplasms
  A giant cockroach (D:1)
  2 jackals (D:2)
  A quokka (D:3)
  2 ball pythons
  3 frilled lizards
  2 goblins
  A kobold (D:3)
  2 rats
32 creatures vanquished.

Notes
Turn   | Place    | Note
-------+----------+-------------------------------------------
     0 | D:1      | ragingrage the Armataur Warper began the quest for the Orb.
     0 | D:1      | Reached XP level 1. HP: 18/18 MP: 3/3
   132 | D:1      | Reached XP level 2. HP: 17/25 MP: 4/4
   245 | D:1      | Found a faded altar of an unknown god.
   908 | D:2      | Reached XP level 3. HP: 18/31 MP: 5/5
  1071 | D:2      | Noticed Sigmund
  1257 | D:3      | Slain by an orc

Illustrated notes

Levels and vault maps discovered:
D:1:      roderic_chinese_lattice_arrival, layout_loops_cross,
          chequers_ecumenical_altar_simple, roderic_three_in_a_row,
          minmay_hexomino_u4
D:2:      layout_loops_cross, basic_altar, serial_bayou_pond_a,
          kennysheep_decorative_pillar, uniq_sigmund
D:3:      layout_basic

Skill      XL: |  1  2 |
---------------+-------+-----
Maces & Flails | 2 3 |  3.9
Fighting       | |  1.7
Throwing       | |  0.8
Armour         | |  1.2
Dodging        | |  1.3
Spellcasting   | |  1.7
Translocations | |  3.0

Action                   || total
-------------------------++-------
Melee: Mace              ||    82
       Tailslap          ||     7
Throw: Boomerang         ||     3
Armor: Leather armour    ||    23
Dodge: Dodged            ||    35

Table legend: (Time is in decaauts)
 A = Elapsed time spent in this place.
 B = Non-inter-level travel time spent in this place.
 C = Inter-level travel time spent in this place.
 D = Time resting spent in this place.
 E = Time spent auto-exploring this place.
 F = Levels seen in this place.
 G = Mean time per level.
                   A        B        C        D        E       F      G
               +--------+--------+--------+--------+--------+-----+--------+
         Total |   1278 |   1254 |     24 |     81 |    847 |   3 |  426.0 |
       Dungeon |   1278 |   1254 |     24 |     81 |    847 |   3 |  426.0 |
               +--------+--------+--------+--------+--------+-----+--------+

Top non-repeatable levels by time:
     D:1: 670 daAuts
     D:2: 472 daAuts
     D:3: 134 daAuts
